 Dungeon Sprint DCSS version 0.17.0-24-gcfadda4 (webtiles) character file.

135 Kidiri the Sneak (level 4, -4/23 HPs)
             Began as a Spriggan Enchanter on Nov 16, 2015.
             Slain by a shadow (13 damage)
             ... in the Dungeon (Sprint III: "The Ten Rune Challenge").
             The game lasted 00:02:47 (301 turns).

Kidiri the Sneak (Spriggan Enchanter)                Turns: 301, Time: 00:02:47

Health: -4/23      AC:  3    Str:  4    XL:     4   Next: 96%
Magic:  2/12       EV: 22    Int: 16    God:
Gold:   20         SH:  0    Dex: 17    Spells: 5 memorised, 1 level left

rFire  . . .     SeeInvis +     a - +1 dagger
rCold  . . .     Clarity  .     b - +1 robe
rNeg   . . .     SustAt   .     (shield restricted)
rPois  .         Gourm    .     (helmet restricted)
rElec  .         Spirit   .     (no cloak)
rCorr  .         Warding  .     (gloves unavailable)
rMut   .         NoTele   +     (boots unavailable)
MR     +....                    (no amulet)
Stlth  ++++......               (no ring)
                                (no ring)

@: very quick, somewhat resistant to hostile enchantments, stealthy
A: unfitting armour, see invisible, blink, breathe flames 1, herbivore 3, speed
3, magic resistance 1, slow metabolism 2
a: Blink, Breathe Fire


You were in the Dungeon.
You were not hungry.

You visited 1 branch You collected 20 gold pieces.

Inventory:

Hand Weapons
 a - a +1 dagger (weapon)
Armour
 b - a +1 robe (worn)
Scrolls
 j - a scroll of blinking
 n - 2 scrolls of torment {unknown}
 s - a scroll of remove curse
Potions
 e - a potion of curing
 f - a potion of heal wounds
 g - a potion of haste
 h - 2 potions of magic
 i - a potion of berserk rage
 k - a potion of might
 q - 3 potions of cure mutation
 t - 2 potions of flight
Books
 c - a book of Maledictions

   Spells                             Type                      Level
   a - Corona                         Hexes                        1
   b - Ensorcelled Hibernation        Hexes/Ice                    2
   c - Confuse                        Hexes                        3
   d - Tukima's Dance                 Hexes                        3
   e - Dazzling Spray                 Conjuration/Hexes            3
Comestibles
 d - 2 bread rations
 p - a royal jelly


   Skills:
 + Level 1.9 Fighting
 * Level 4.4 Short Blades
 + Level 1.8 Armour
 * Level 6.3 Dodging
 * Level 7.5 Stealth
 * Level 5.4 Spellcasting
 + Level 1.3 Conjurations
 + Level 5.0 Hexes
 + Level 1.4 Ice Magic


You had one spell level left.
You knew the following spells:

 Your Spells              Type           Power        Failure   Level  Hunger
a - Corona                Hex            ###....      1%          1    None
b - Ensorcelled Hibernat  Hex/Ice        ##....       8%          2    #......
c - Confuse               Hex            ###.....     8%          3    ###....
d - Tukima's Dance        Hex            ###.....     8%          3    ###....
e - Dazzling Spray        Conj/Hex       ##......     12%         3    ###....


Dungeon Overview and Level Annotations

Branches:
Dungeon (1/1)

Altars:


Innate Abilities, Weirdness & Mutations

You are tiny and cannot use many weapons and most armour.
You have supernaturally acute eyesight.
You are a herbivore.
You cover ground extremely quickly.
You need consume almost no food.
You can translocate small distances at will.
You can breathe flames.
You are resistant to hostile enchantments.


Message History

You hit the shadow but do no damage.
The shadow is almost destroyed.
The shadow misses you.
You hit the shadow but do no damage.
The shadow is almost destroyed.
The shadow hits you.
You hit the shadow but do no damage.
The shadow is almost destroyed.
You hit the shadow.
The shadow is almost destroyed.
The shadow slips into darkness.
The shadow flickers and vanishes for a moment.
You hit the shadow but do no damage.
The shadow is almost destroyed.
The shadow misses you.
You closely miss the shadow.
The shadow is almost destroyed.
The shadow hits you!
Ouch! That really hurt!
You die...

▓▓▓▓▓▓▓ ▓▓▓ **** .+....♣♣
♣!#****************,** .#.....♣♣
♣.#___*__,*__**,,*,,,∩ ##....♣.♣
♣.#,,,*,,,*,_*,,,,,,,, .#....≈.♣♣
♣.###+#+###+##,,,,,,,,
.#...≈≈♣.♣♣♣.#..........#,,,,,,,,
.#..≈≈≈≈.♣...'.⌠@W......#,,,,,*,*
'#..≈≈≈≈≈≈...#...######'#,,,*,,*,
.#.≈≈≈≈≈≈....#.⌠.#__#...#+*******
.#.≈≈≈≈≈.....#...#__#...#,,,,*,*,
.#.≈≈≈.......#+###__#...#*,*,,*,*
##...........#,,,*__#..%+**,*,*,*
.............#___*_,+..J#,,,*,,*,
▓▓▓▓▓▓▓▓▓▓▓▓▓▓******▓▓▓▓▓********
+,≈≈≈≈,≈≈≈**,,,,,****≈≈≈,,,,,,,,≈


You could see a shadow (invisible).

Vanquished Creatures
  A water elemental (D)
  A wolf (D)
  Jessica (D)
  A human (D)
  An ooze (D)
  A rat (D)
6 creatures vanquished.

Vanquished Creatures (others)
  2 draconian scorchers (D)
  A fire drake (D)
  A yaktaur (D)
  4 plants (D)
8 creatures vanquished.

Grand Total: 14 creatures vanquished

Notes
Turn   | Place    | Note
--------------------------------------------------------------
     0 | D        | Kidiri the Spriggan Enchanter began the quest for the Orb.
     0 | D        | Reached XP level 1. HP: 9/9 MP: 5/5
    39 | D        | Noticed Jessica
    42 | D        | Killed Jessica
    42 | D        | Reached skill level 1 in Fighting
    42 | D        | Reached skill level 1 in Armour
    42 | D        | Reached skill level 5 in Stealth
    42 | D        | Reached XP level 2. HP: 12/14 MP: 6/8
    42 | D        | Reached XP level 3. HP: 15/18 MP: 6/9
    46 | D        | Learned a level 2 spell: Ensorcelled Hibernation
    50 | D        | Learned a level 3 spell: Confuse
    54 | D        | Learned a level 3 spell: Dazzling Spray
   106 | D        | Noticed a wolf
   116 | D        | Reached skill level 5 in Dodging
   116 | D        | Reached skill level 6 in Stealth
   130 | D        | Killed a wolf
   130 | D        | Reached skill level 1 in Ice Magic
   130 | D        | Reached XP level 4. HP: 15/22 MP: 5/11
   135 | D        | Killed a fire drake
   136 | D        | Learned a level 3 spell: Tukima's Dance
   199 | D        | Killed a yaktaur
   205 | D        | Killed a white draconian scorcher
   246 | D        | Gained mutation: You have a pair of small horns on your head. [potion of mutation]
   246 | D        | Gained mutation: You can breathe flames. [potion of mutation]
   246 | D        | Gained mutation: You have large cloven feet. [potion of mutation]
   247 | D        | Lost mutation: You have large cloven feet. [potion of mutation]
   247 | D        | Gained mutation: You are weak. (Str -2) [potion of mutation]
   247 | D        | Gained mutation: You are resistant to hostile enchantments. [potion of mutation]
   248 | D        | Lost mutation: You have a pair of small horns on your head. [potion of mutation]
   248 | D        | Gained mutation: You can translocate small distances at will. [potion of mutation]
   248 | D        | Lost mutation: You are weak. (Str -2) [potion of mutation]
   256 | D        | Noticed a water elemental
   258 | D        | Killed a water elemental
   258 | D        | Reached skill level 7 in Stealth
   258 | D        | Reached skill level 5 in Spellcasting
   258 | D        | Reached skill level 1 in Conjurations
   258 | D        | Reached skill level 5 in Hexes
   275 | D        | Noticed a jelly
   275 | D        | Killed a white draconian scorcher
   276 | D        | Noticed a shadow
   301 | D        | Slain by a shadow

Action                   |  1- 3 |  4- 6 || total
-------------------------+-------+-------++-------
Melee: Dagger            |    12 |    15 ||    27
 Cast: Dazzling Spray    |     1 |     4 ||     5
       Ensorcelled Hiber |     1 |       ||     1
  Use: Scroll            |       |     5 ||     5
       Potion            |       |     3 ||     3
 Stab: Sleeping          |     4 |     1 ||     5
